 Dungeon Crawl Stone Soup version 0.30.0-16-gbe6223bb7e (webtiles) character file.

Game seed: 12686839329056901242

266 NateTC the Chopper (level 6, -3/48 HPs)
             Began as a Formicid Fighter on May 20, 2023.
             Slain by a kobold brigand
             ... wielding a +0 dagger
              (5 damage)
             ... in a sewer.
             The game lasted 00:07:21 (2332 turns).

NateTC the Chopper (Formicid Fighter)               Turns: 2332, Time: 00:07:22

Health: -3/48      AC:  8    Str: 23    XL:     6   Next: 44%
Magic:  6/6        EV:  9    Int:  7    God:
Gold:   18         SH:  6    Dex: 13    Spells: 5/5 levels left

rFire   . . .        a - +0 war axe
rCold   . . .        c - +1 buckler
rNeg    . . .        b - +0 scale mail
rPois   .            (helmet unavailable)
rElec   .            h - +0 cloak
rCorr   .            (no gloves)
SInv    +            (no boots)
Will    .....        (no amulet) Stlth
                     (no ring)
HPRegen 0.28/turn    (no ring)
MPRegen 0.10/turn

%: no passive effects
@: mighty, attractive, very slow
A: permanent stasis, dig shafts and tunnels, antennae 3, four strong arms
a: Dig


You were in a sewer.
You visited 1 branch of the dungeon, and saw 5 of its levels.
You also visited: Sewer.

You collected 123 gold pieces.
You spent 105 gold pieces at shops.

Inventory:

Hand Weapons
 a - a +0 war axe (weapon)
Armour
 b - a +0 scale mail (worn)
 c - a +1 buckler (worn)
 h - a +0 cloak (worn)
Scrolls
 g - a scroll of magic mapping
 i - a scroll of fog
Potions
 d - 4 potions of might
 e - a potion of lignification {unknown}
 f - a potion of resistance
 j - a potion of attraction
 k - a potion of experience {unknown}
 l - a potion of heal wounds {unknown}


   Skills:
 - Level 4.2 Fighting
 * Level 5.5 Axes
 - Level 3.2 Armour
 - Level 4.6 Shields


You had 5 spell levels left.
You didn't know any spells.
Your spell library contained the following spells:

 Spells                   Type           Power      Damage    Failure   Level
 Slow                     Hex            0%         N/A       80%         1
 Confusing Touch          Hex            0%         N/A       99%         3
 Tukima's Dance           Hex            0%         N/A       99%         3
 Vampiric Draining        Necr           0%         2d6       99%         3
 Manifold Assault         Tloc           0%         N/A       100%        4
 Passage of Golubria      Tloc           0%         N/A       100%        4
 Yara's Violent Unravell  Hex/Tmut       0%         3d3       100%        5
 Storm Form               Tmut/Air       0%         N/A       100%        7
 Blink                    Tloc           Unusable   N/A       N/A         2

Dungeon Overview and Level Annotations

Branches:
Dungeon (5/15) Zot: 26676   Sewer (1/1) Zot: 5664
 Temple: D:4-7

Altars:
Uskayaw

Shops:
D:2 *   D:3 ?   D:4 =


Innate Abilities, Weirdness & Mutations

You cannot be hasted, slowed, berserked, paralysed or teleported.
You can dig through walls and to a lower floor.
You have a pair of large antennae on your head. (SInv)
Your four strong arms can wield two-handed weapons with a shield.


Message History

You closely miss the kobold brigand.
The kobold brigand is heavily wounded.
The kobold brigand splashes around in the water.
Your unstable footing causes you to fumble your attack.
The kobold brigand hits you with a +0 dagger.
* * * LOW HITPOINT WARNING * * *
You hit the kobold brigand but do no damage.
The kobold brigand is heavily wounded.
You block the kobold brigand's attack.
You closely miss the kobold brigand.
The kobold brigand is heavily wounded.
The kobold brigand splashes around in the water. x2
Your unstable footing causes you to fumble your attack.
You block the kobold brigand's attack.
Your unstable footing causes you to fumble your attack.
The kobold brigand barely misses you.
You closely miss the kobold brigand.
The kobold brigand is heavily wounded.
The kobold brigand hits you but does no damage.
You hit the kobold brigand.
The kobold brigand is heavily wounded.
The kobold brigand hits you with a +0 dagger.
* * * LOW HITPOINT WARNING * * *
The kobold brigand hits you but does no damage.
Your unstable footing causes you to fumble your attack.
The kobold brigand hits you with a +0 dagger.
* * * LOW HITPOINT WARNING * * *
Your unstable footing causes you to fumble your attack.
The kobold brigand splashes around in the water.
You feel very mighty all of a sudden.
The kobold brigand hits you with a +0 dagger.
* * * LOW HITPOINT WARNING * * *
You barely miss the kobold brigand.
The kobold brigand is heavily wounded.
The kobold brigand hits you with a +0 dagger.
* * * LOW HITPOINT WARNING * * *
It was a potion of attraction.
You feel attractive to monsters.
The kobold brigand hits you with a +0 dagger.
You die...

##≈≈≈≈#~##~.~....~...~≈≈#~#≈≈
#≈≈≈≈ #†###.~~.~.PP..~.~#~#~.
##≈≈ #~# ###.~.~~~..P~.#~#~~
#≈≈ #~# #.~~~.~...P~PPP.. #≈
#~# ###~~~~~.~.P..~~~ ≈ #~#
#.~.~~..~....~~ #~#
##...~...~.~~~~
####.######~....~~~.~~.~
~~~~~~K@~~~..~~~~~.~~..~
###########.~.#########. P##
##.~..~~~~~~~~~. .P#
#..~~.####P####~ #.##~#
#...~~.# #~ ~..#~# #.~~...#
## ######P.#~####.######
#≈≈≈....#~##.~.~~~~~#{ ##
#≈≈≈≈.∩.#~##~.~###### ##.


You could see a kobold brigand.

Vanquished Creatures
  A bullfrog (D:4)
  A hound (D:3)
  6 adders
  4 river rats
  An ufetubus (D:4)
  4 worms
  A dart slug (D:4)
  An orc (D:3)
  10 endoplasms
  A giant cockroach (D:4)
  5 hobgoblins
  A jackal (D:4)
  2 quokkas
  5 ball pythons
  2 bats
  7 frilled lizards
  6 goblins
  3 kobolds
  6 rats
67 creatures vanquished.

Notes
Turn   | Place    | Note
-------+----------+-------------------------------------------
     0 | D:1      | NateTC the Formicid Fighter began the quest for the Orb.
     0 | D:1      | Reached XP level 1. HP: 18/18 MP: 1/1
   172 | D:1      | Reached XP level 2. HP: 22/24 MP: 2/2
   425 | D:2      | Found Utiggiun's Assorted Antiques.
   446 | D:2      | Found a hide-covered altar of Uskayaw.
   500 | D:2      | Reached XP level 3. HP: 29/29 MP: 3/3
   511 | D:2      | Reached skill level 3 in Axes
  1461 | D:3      | Reached XP level 4. HP: 35/35 MP: 4/4
  1520 | D:3      | Found Bolla's Magic Scroll Shop.
  1529 | D:3      | Bought a scroll of magic mapping for 105 gold pieces
  1595 | D:3      | Reached skill level 4 in Axes
  1737 | D:3      | You fall into a shaft and drop 2 floors!
  1737 | D:5      | Entered Level 5 of the Dungeon
  1747 | D:5      | Noticed a phantom
  1757 | D:4      | Reached XP level 5. HP: 38/42 MP: 5/5
  1789 | D:4      | Found Nyrunim's Jewellery Emporium.
  1815 | D:4      | Noticed a bullfrog
  1828 | D:4      | Killed a bullfrog
  1970 | D:4      | Reached XP level 6. HP: 41/48 MP: 6/6
  2041 | D:4      | Reached skill level 5 in Axes
  2054 | D:4      | Found a glowing drain.
  2058 | Sewer    | Entered a sewer
  2330 | Sewer    | HP: 2/48 [kobold brigand/+0 dagger (2)]
  2332 | Sewer    | Slain by a kobold brigand

Illustrated notes

Levels and vault maps discovered:
D:1:      matt_arrival_los_fun, layout_rooms
D:2:      layout_basic, basic_altar, serial_shops, shop_fountains
D:3:      layout_loops_cross, serial_shops, shop, small_statue_intersection,
          serial_bayou_lagoon_a, grunt_ministairs_10, grunt_decor_cap
D:4:      layout_rooms, gup_sewer_entry_bowl, serial_shops,
          nicolae_shop_gaudy_bauble
D:5:      layout_cave_pools, uniq_edmund
Sewer:    sewer_co_scattered_pipes

Skill      XL: |  1  2  3  4  5  6 |
---------------+-------------------+-----
Axes           | 3 4 5 |  5.5
Fighting       | 4 |  4.2
Armour         | |  3.2
Shields        | |  4.6

Action                     |  1- 3 |  4- 6 || total
---------------------------+-------+-------++-------
  Melee: War axe           |    80 |   168 ||   248
    Use: Scroll            |     6 |       ||     6
         Potion            |       |     2 ||     2
 Armour: Scale mail        |    20 |    81 ||   101
  Dodge: Dodged            |    35 |    54 ||    89
  Block: Buckler           |    16 |    44 ||    60
